[Event "Titled Tuesday Blitz May 9 Late 2023"]
[White "Vega Gutierrez, Sabrina"]
[Black "Lenaerts, Lennert"]
[WhiteFideId "2219026"]
[BlackFideId "211435"]
[WhiteElo "2209"]
[BlackElo "2334"]
[Result "0-1"]
[Round "08"]
[TimeControl "180+2"]
[Date "2023.05.09"]
[WhiteClock "0:00:00"]
[BlackClock "0:01:36"]

1. e4 e5 2. Nf3 Nc6 3. Nc3 Nf6 4. g3 d5 5. exd5 Nxd5 6. Bg2 Nxc3 7. bxc3 Bd6 8. O-O O-O 9. Re1 h6 10. d4 exd4 11. cxd4 Re8 12. Rxe8+ Qxe8 13. Rb1 Rb8 14. Be3 b6 15. c4 Bf5 16. Rb5 Be4 17. Nh4 Bxg2 18. Kxg2 Rd8 19. Qg4 Kh8 20. Nf5 Bf8 21. Qf4 Na5 22. d5 c6 23. Bd4 Kh7 24. Rxa5 bxa5 25. d6 Qe6 26. c5 Qxa2 27. Ne3 Qe6 28. Qf3 Rc8 29. h4 a4 30. g4 a3 31. g5 a2 0-1


[Site "https://www.chess.com"]

[Event "Titled Tuesday Blitz May 9 Late 2023"]
[White "Schnaider, Ilan"]
[Black "Lacey, Patrick"]
[WhiteFideId "169013"]
[BlackFideId "2032007"]
[WhiteElo "2224"]
[BlackElo "2453"]
[Result "1-0"]
[Round "08"]
[TimeControl "180+2"]
[Date "2023.05.09"]
[WhiteClock "0:02:13"]
[BlackClock "0:01:50"]

1. e4 c6 2. Nf3 d5 3. Nc3 Nf6 4. e5 Ne4 5. d3 Nc5 6. d4 Ne6 7. Bd3 g6 8. h4 Ng7 9. Bh6 Bf5 10. Bxf5 Nxf5 11. Bxf8 Kxf8 12. g4 Ng7 13. Qd2 h5 14. Qf4 Ne6 15. Qg3 hxg4 16. Qxg4 Rh5 17. O-O-O Na6 18. Ng5 Nac7 19. Ne2 Kg7 20. Ng3 Rh6 21. Nf5+ 1-0


[Site "https://www.chess.com"]

[Event "Titled Tuesday Blitz May 9 Late 2023"]
[White "Tologon tegin, Semetei"]
[Black "Urbina Perez, Juan Antonio"]
[WhiteFideId "13800574"]
[BlackFideId "2217368"]
[WhiteElo "2247"]
[BlackElo "2197"]
[Result "1-0"]
[Round "08"]
[TimeControl "180+2"]
[Date "2023.05.09"]
[WhiteClock "0:01:30"]
[BlackClock "0:01:26"]

1. Nf3 d5 2. e3 Nf6 3. d4 c6 4. Bd3 Bg4 5. h3 Bxf3 6. Qxf3 Nbd7 7. Qg3 Qb8 8. f4 Qc7 9. O-O O-O-O 10. c4 e6 11. Nc3 Kb8 12. c5 Ka8 13. b4 h6 14. a4 g5 15. b5 Be7 16. a5 cxb5 17. Nxb5 Qb8 18. a6 bxa6 19. Rxa6 gxf4 20. exf4 Rhg8 21. Qf3 Rc8 22. Rxa7+ Qxa7 23. Nxa7 Kxa7 24. Bd2 Nb8 25. Bb5 Kb7 26. Qb3 Nc6 27. Bxc6+ Kxc6 28. Qa4+ 1-0


[Site "https://www.chess.com"]

[Event "Titled Tuesday Blitz May 9 Late 2023"]
[White "Spitzl, Vinzent"]
[Black "Villuendas Valero, Adrian"]
[WhiteFideId "12901253"]
[BlackFideId "2262460"]
[WhiteElo "2225"]
[BlackElo "2328"]
[Result "1-0"]
[Round "08"]
[TimeControl "180+2"]
[Date "2023.05.09"]
[WhiteClock "0:00:10"]
[BlackClock "0:00:13"]

1. e4 e6 2. d4 d5 3. Nd2 Be7 4. Ngf3 Nf6 5. Bd3 c5 6. exd5 Qxd5 7. c4 Qh5 8. O-O cxd4 9. Nxd4 Qxd1 10. Rxd1 a6 11. N2f3 Nbd7 12. Bf4 b6 13. Nc6 Bf8 14. Bc2 Bb7 15. Nfe5 b5 16. cxb5 axb5 17. Bd3 b4 18. Bb5 Ba6 19. Ba4 Be2 20. Nxd7 Bxd1 21. Nxf6+ gxf6 22. Rxd1 Be7 23. b3 e5 24. Be3 Kf8 25. Nxe7 Kxe7 26. Bc5+ Ke6 27. Bd7# 1-0


[Site "https://www.chess.com"]

[Event "Titled Tuesday Blitz May 9 Late 2023"]
[White "Cruz, William Ferreira Da"]
[Black "Colpe, Malte"]
[WhiteFideId "2118050"]
[BlackFideId "24623075"]
[WhiteElo "2223"]
[BlackElo "2289"]
[Result "1/2-1/2"]
[Round "08"]
[TimeControl "180+2"]
[Date "2023.05.09"]
[WhiteClock "0:00:25"]
[BlackClock "0:00:11"]

1. d4 Nf6 2. c4 g6 3. Nc3 d5 4. cxd5 Nxd5 5. e4 Nxc3 6. bxc3 Bg7 7. Bc4 c5 8. Ne2 O-O 9. Be3 Nc6 10. O-O Bg4 11. f3 Na5 12. Bd3 cxd4 13. cxd4 Be6 14. d5 Bxa1 15. Qxa1 f6 16. Qb1 Bf7 17. Qb4 Rc8 18. Nd4 Qb6 19. Qe1 Nc4 20. Bf2 Ne5 21. Be2 Qb2 22. Qa5 a6 23. Qa4 Rc7 24. f4 Nd7 25. Ne6 Bxe6 26. dxe6 Qxe2 27. exd7 Qb5 28. Qxb5 axb5 29. d8=Q Rxd8 30. Bb6 Rdc8 31. Bxc7 Rxc7 32. Rb1 Kf7 33. Rxb5 Rc1+ 34. Kf2 Rc2+ 35. Kf3 Rxa2 36. Rxb7 Ra3+ 37. Kf2 Ra2+ 38. Kg3 Ra3+ 39. Kg4 Re3 40. Rb4 h5+ 41. Kh4 Kg7 42. g3 Kh6 43. Kh3 Re2 44. Rc4 e6 45. Ra4 g5 46. fxg5+ fxg5 47. g4 Re3+ 48. Kg2 hxg4 49. Kf2 Rf3+ 50. Kg2 Re3 51. Kf2 Rh3 52. Ra6 Rxh2+ 53. Kg3 Rh4 54. Rxe6+ Kg7 55. Ra6 Kf7 56. e5 Kg7 57. Ra7+ Kf8 58. Rb7 Ke8 59. e6 Rh6 60. Kxg4 Rxe6 61. Kxg5 Re7 62. Rxe7+ Kxe7 1/2-1/2


[Site "https://www.chess.com"]

[Event "Titled Tuesday Blitz May 9 Late 2023"]
[White "Moral Garcia, Serafin"]
[Black "Marcziter, Dmitrii"]
[WhiteFideId "2201925"]
[BlackFideId "13900765"]
[WhiteElo "2274"]
[BlackElo "2162"]
[Result "0-1"]
[Round "08"]
[TimeControl "180+2"]
[Date "2023.05.09"]
[WhiteClock "0:01:29"]
[BlackClock "0:01:29"]

1. c4 e5 2. Nc3 Nc6 3. g3 g6 4. Bg2 Bg7 5. Rb1 a5 6. d3 d6 7. a3 f5 8. e3 Nf6 9. Nge2 O-O 10. b4 axb4 11. axb4 Nh5 12. O-O f4 13. Bd5+ Kh8 14. f3 fxg3 15. Nxg3 Nxg3 16. hxg3 Ne7 17. Be4 c6 18. f4 d5 19. Bg2 exf4 20. Qb3 fxg3 21. Bb2 Nf5 22. Rf4 Nxe3 23. Rxf8+ Qxf8 24. Nd1 Nxd1 25. Rxd1 Qf2+ 26. Kh1 Bxb2 27. Rf1 Qd4 28. cxd5 Qh4+ 0-1


[Site "https://www.chess.com"]

[Event "Titled Tuesday Blitz May 9 Late 2023"]
[White "Seletsky, Grigory"]
[Black "Ansh M Shah"]
[WhiteFideId "14112191"]
[BlackFideId "25033379"]
[WhiteElo "2491"]
[BlackElo "2084"]
[Result "1-0"]
[Round "08"]
[TimeControl "180+2"]
[Date "2023.05.09"]
[WhiteClock "0:01:54"]
[BlackClock "0:00:24"]

1. e4 c6 2. d4 d5 3. Nc3 dxe4 4. Nxe4 Bf5 5. Ng3 Bg6 6. Nf3 Nd7 7. Ne2 Ngf6 8. Nf4 e6 9. g3 Bd6 10. Nxg6 hxg6 11. Bg2 Qc7 12. O-O O-O-O 13. c3 e5 14. dxe5 Nxe5 15. Qa4 Kb8 16. Be3 a6 17. Nxe5 Bxe5 18. Rad1 Rxd1 19. Rxd1 Rd8 20. h3 Nd5 21. Bxd5 cxd5 22. Bd4 Bxg3 23. fxg3 Qxg3+ 24. Kf1 Qf4+ 25. Ke2 b5 26. Ba7+ 1-0


[Site "https://www.chess.com"]

[Event "Titled Tuesday Blitz May 9 Late 2023"]
[White "Herman, Daniel"]
[Black "Wizard_of_Odds"]
[WhiteFideId "30935008"]
[WhiteElo "1897"]
[BlackElo "2350"]
[Result "0-1"]
[Round "08"]
[TimeControl "180+2"]
[Date "2023.05.09"]
[WhiteClock "0:00:24"]
[BlackClock "0:00:10"]

1. c4 b6 2. Nc3 Bb7 3. e4 e6 4. a3 c5 5. Nf3 d6 6. d4 cxd4 7. Nxd4 a6 8. Bd3 Nf6 9. O-O Be7 10. b4 Qc7 11. Bb2 Nbd7 12. Rc1 Rc8 13. f4 O-O 14. Qf3 Qb8 15. Qh3 Rfe8 16. Rce1 Bf8 17. e5 dxe5 18. fxe5 Nxe5 19. Bb1 Ng6 20. Rxf6 gxf6 21. Ne4 Bg7 22. Rf1 Bxe4 23. Bxe4 Rxc4 24. Bd3 Rcc8 25. Bxa6 Rcd8 26. Nc6 Qa8 27. b5 Rd2 28. Bc3 Rd6 29. Bb4 Rxc6 30. bxc6 Qxc6 31. Qd3 Ra8 32. Bb5 Qb7 33. Rc1 Rc8 34. Rxc8+ Qxc8 35. Qc3 Qxc3 36. Bxc3 f5 37. Bd2 Bd4+ 38. Kf1 Bc5 39. a4 Kf8 40. Bg5 Ne5 41. Bf6 Ng6 42. Bd8 Ne7 43. Bc7 Nd5 44. Bb8 Ke7 45. Ba7 Kd8 46. a5 Kc7 47. a6 Ne7 48. Ke2 Nc8 49. Bxb6+ Bxb6 50. Be8 Nd6 51. Ba4 Kd8 52. Kd3 Ke7 53. g3 e5 54. Bc6 e4+ 55. Ke2 Ke6 56. Ba8 Ke5 57. Bc6 Ba7 58. Bb7 f4 59. gxf4+ Kxf4 60. Bd5 Ke5 61. Bc6 f5 62. Bd7 f4 63. Bg4 f3+ 64. Bxf3 exf3+ 65. Kxf3 Kf5 66. Kg3 Nb5 67. Kf3 Nc7 68. Kg3 Nxa6 69. Kh4 Kg6 70. Kg4 Bb8 71. h4 h5+ 72. Kh3 Nc5 73. Kg2 Kf5 74. Kh3 Ne6 75. Kg2 Kg4 76. Kh1 Kxh4 77. Kg1 Be5 78. Kg2 Bh8 79. Kg1 Kg3 80. Kh1 Ng5 81. Kg1 Ne4 82. Kh1 Nf2+ 83. Kg1 h4 84. Kf1 h3 85. Kg1 h2+ 86. Kf1 h1=Q+ 87. Ke2 Qf3+ 88. Kd2 Qd3+ 89. Ke1 Qd1# 0-1


[Site "https://www.chess.com"]

[Event "Titled Tuesday Blitz May 9 Late 2023"]
[White "Bolourchifard, Farzad"]
[Black "FuenfgegenWilly"]
[WhiteFideId "12510084"]
[WhiteElo "2317"]
[BlackElo "2339"]
[Result "1-0"]
[Round "08"]
[TimeControl "180+2"]
[Date "2023.05.09"]
[WhiteClock "0:02:04"]
[BlackClock "0:01:22"]

1. d4 Nf6 2. Nf3 e6 3. c4 Bb4+ 4. Nbd2 c6 5. e3 d5 6. Bd3 O-O 7. a3 Bd6 8. c5 Bc7 9. O-O Nbd7 10. b4 e5 11. dxe5 Nxe5 12. Be2 Re8 13. Bb2 a5 14. Nxe5 Bxe5 15. Bxe5 Rxe5 16. Nf3 Re7 17. Nd4 Ne4 18. Bd3 Qe8 19. Qc2 g6 20. h3 Re5 21. b5 Rg5 22. f4 Rg3 23. Bxe4 Qxe4 24. Qxe4 dxe4 25. Kf2 1-0


[Site "https://www.chess.com"]

[Event "Titled Tuesday Blitz May 9 Late 2023"]
[White "Golubev, Mikhail"]
[Black "Ibadov, Dashgyn"]
[WhiteFideId "14100983"]
[BlackFideId "24107514"]
[WhiteElo "2374"]
[BlackElo "2208"]
[Result "0-1"]
[Round "08"]
[TimeControl "180+2"]
[Date "2023.05.09"]
[WhiteClock "0:00:00"]
[BlackClock "0:00:48"]

1. e4 e5 2. Nf3 Nc6 3. Bc4 Bc5 4. c3 Nf6 5. d4 exd4 6. cxd4 Bb4+ 7. Nbd2 d5 8. exd5 Nxd5 9. O-O O-O 10. a3 Be7 11. Re1 Bf6 12. Ne4 Bg4 13. Nxf6+ Nxf6 14. h3 Bxf3 15. Qxf3 Nxd4 16. Qd3 c5 17. b4 b6 18. Bb2 Qd6 19. Rad1 Rad8 20. a4 h6 21. a5 Rd7 22. bxc5 bxc5 23. Qa3 Rfd8 24. a6 Qf4 25. Qa4 Ne4 26. Rf1 Rd6 27. Bc1 Nf3+ 28. gxf3 Rg6+ 29. Kh1 Qxf3+ 0-1


[Site "https://www.chess.com"]

[Event "Titled Tuesday Blitz May 9 Late 2023"]
[White "Nikologorskiy, Konstantin"]
[Black "Balla, Tamas-Kristof"]
[WhiteFideId "24111708"]
[BlackFideId "1208497"]
[WhiteElo "2273"]
[BlackElo "2334"]
[Result "1-0"]
[Round "08"]
[TimeControl "180+2"]
[Date "2023.05.09"]
[WhiteClock "0:01:54"]
[BlackClock "0:00:22"]

1. d4 Nf6 2. c4 g6 3. Nc3 Bg7 4. Nf3 O-O 5. e4 d6 6. Be2 Nbd7 7. O-O e5 8. Be3 Re8 9. d5 Nh5 10. g3 Bf8 11. b4 Ng7 12. a4 a5 13. bxa5 Rxa5 14. Nd2 f5 15. Nb3 Ra8 16. a5 f4 17. gxf4 exf4 18. Bxf4 Qf6 19. Qd2 Ne5 20. Nb5 Qf7 21. Bg3 Bh3 22. Rfe1 Nh5 23. f4 Bh6 24. Bxh5 gxh5 25. Qc3 Ng6 26. f5 Nf8 27. Bxd6 Bg7 28. Qxh3 Bxa1 29. Rxa1 cxd6 30. Nxd6 Qg7+ 31. Qg3 Re7 32. f6 Qxg3+ 33. hxg3 Rd7 34. e5 Ng6 35. Nc5 Nxe5 36. Nxd7 Nxd7 37. Nxb7 Nxf6 38. a6 Nd7 39. a7 Nb6 40. d6 1-0


[Site "https://www.chess.com"]

[Event "Titled Tuesday Blitz May 9 Late 2023"]
[White "brm72"]
[Black "D`Arruda, Ricardo D."]
[BlackFideId "100692"]
[WhiteElo "2532"]
[BlackElo "2416"]
[Result "1-0"]
[Round "08"]
[TimeControl "180+2"]
[Date "2023.05.09"]
[WhiteClock "0:00:33"]
[BlackClock "0:00:13"]

1. e4 c5 2. Nf3 Nc6 3. Bb5 g6 4. Bxc6 dxc6 5. d3 c4 6. d4 Bg7 7. Be3 c5 8. c3 cxd4 9. cxd4 Nf6 10. Nc3 O-O 11. h3 a6 12. a3 b5 13. O-O Bb7 14. d5 e6 15. dxe6 fxe6 16. Ng5 Qe7 17. e5 Nd5 18. Nxd5 Bxd5 19. f4 Rfd8 20. Qg4 h6 21. Nf3 Kh7 22. Rae1 Rac8 23. Nh4 Be4 24. Bb6 Bf5 25. Qg3 Rd3 26. Re3 Rxe3 27. Bxe3 c3 28. b4 c2 29. Bc5 Qd7 30. Nxf5 gxf5 31. Qe3 Rd8 32. Qc1 Qd3 33. Kh2 Bf8 34. Rf2 Rc8 35. Rxc2 a5 36. Rc3 Bxc5 37. Rxd3 1-0


[Site "https://www.chess.com"]

[Event "Titled Tuesday Blitz May 9 Late 2023"]
[White "Bilan, Danila"]
[Black "ElenGajger"]
[WhiteFideId "24161918"]
[WhiteElo "2182"]
[BlackElo "2409"]
[Result "1-0"]
[Round "08"]
[TimeControl "180+2"]
[Date "2023.05.09"]
[WhiteClock "0:00:05"]
[BlackClock "0:00:11"]

1. d4 Nf6 2. Nf3 g6 3. Bg5 Bg7 4. c3 O-O 5. Nbd2 d5 6. e3 c5 7. Bd3 Nbd7 8. O-O b6 9. e4 dxe4 10. Nxe4 Bb7 11. Qe2 cxd4 12. Nxd4 Nc5 13. Nxc5 bxc5 14. Nf3 Nd5 15. Rad1 Qc7 16. Ba6 Bc6 17. Rfe1 e6 18. Ne5 Ba4 19. Rd2 f6 20. Nf3 fxg5 21. Qxe6+ Kh8 22. Qxd5 Bc6 23. Qxc5 g4 24. Ne5 Qb6 25. Qxb6 axb6 26. Nxc6 Rxa6 27. Nb4 Ra5 28. Rde2 Raf5 29. Nd3 Rd5 30. Nb4 Rdf5 31. g3 h5 32. a4 h4 33. Re8 h3 34. Rxf8+ Rxf8 35. Re4 Rd8 36. Kf1 Rd2 37. Rxg4 Rxb2 38. Rxg6 Bxc3 39. Nd5 Bd4 40. Ne3 Bxe3 41. fxe3 Rxh2 42. Rxb6 Ra2 43. Rh6+ Kg7 44. Rxh3 Rxa4 45. Rh4 Ra2 46. Rf4 Kg6 47. Rf2 Kg5 48. Rxa2 1-0


[Site "https://www.chess.com"]

[Event "Titled Tuesday Blitz May 9 Late 2023"]
[White "Dragomirescu, Robin-Alexandru"]
[Black "Qiao, Cindy"]
[WhiteFideId "1213849"]
[BlackFideId "2620243"]
[WhiteElo "2356"]
[BlackElo "1777"]
[Result "0-1"]
[Round "08"]
[TimeControl "180+2"]
[Date "2023.05.09"]
[WhiteClock "0:00:06"]
[BlackClock "0:00:04"]

1. b3 d5 2. Bb2 Nf6 3. Nf3 Nbd7 4. e3 g6 5. c4 c6 6. cxd5 cxd5 7. Nc3 e6 8. d4 Bg7 9. Bd3 O-O 10. O-O a6 11. Ne5 Nxe5 12. dxe5 Nd7 13. f4 b5 14. Ne2 Bb7 15. Nd4 Nc5 16. Ba3 Rc8 17. Rc1 Qb6 18. Qd2 Rfd8 19. Bxc5 Rxc5 20. Rxc5 Qxc5 21. Rc1 Qb6 22. b4 Bf8 23. a3 Bg7 24. g4 f6 25. exf6 Bxf6 26. Nf3 d4 27. e4 Qa7 28. Rc7 Qa8 29. Qc2 Rc8 30. g5 Bg7 31. Kf2 Rxc7 32. Qxc7 Bxe4 33. Bxe4 Qxe4 34. Qd8+ Bf8 35. Qxd4 Qc2+ 36. Kg3 Qb3 37. Qd7 Qd5 38. Qxd5 exd5 39. Ne5 Bg7 40. Kf3 Kf8 41. Ke3 Ke7 42. Nc6+ Kd6 43. Nd4 h6 44. h4 hxg5 45. hxg5 Bf8 46. Nb3 Bg7 47. Nc5 Bb2 48. Nxa6 Bxa3 49. Kf3 Kc6 50. Kg4 Kb6 51. Nc5 Bxb4 52. Nd3 Bc3 53. f5 gxf5+ 54. Kxf5 b4 55. Ne5 b3 56. g6 b2 57. g7 b1=Q+ 58. Ke6 Qg1 59. Kf7 Bxe5 60. g8=Q Qxg8+ 61. Kxg8 d4 0-1


[Site "https://www.chess.com"]

[Event "Titled Tuesday Blitz May 9 Late 2023"]
[White "K2JW"]
[Black "Moore, Nicholas"]
[BlackFideId "4303709"]
[WhiteElo "2395"]
[BlackElo "2493"]
[Result "0-1"]
[Round "08"]
[TimeControl "180+2"]
[Date "2023.05.09"]
[WhiteClock "0:00:07"]
[BlackClock "0:00:11"]

1. d4 d5 2. c4 c6 3. Nc3 Nf6 4. e3 e6 5. Nf3 Nbd7 6. Be2 Bd6 7. O-O O-O 8. b3 b6 9. Bb2 Bb7 10. Bd3 Qe7 11. Re1 Rfe8 12. e4 dxe4 13. Nxe4 Nxe4 14. Bxe4 Nf6 15. Bc2 Rad8 16. Qd3 g6 17. Rad1 Rd7 18. Ne5 Rc7 19. Qh3 Qd8 20. c5 Bf8 21. b4 Ba6 22. Ba4 Qd5 23. Bb3 Qd8 24. Qf3 Nd5 25. a3 Bg7 26. Bc1 Qf6 27. Qg3 Qd8 28. h4 h6 29. h5 g5 30. f4 gxf4 31. Bxf4 Nxf4 32. Qxf4 Qf6 33. Qg3 Qg5 34. Qf3 Rd8 35. Bc2 f6 36. Ng6 Bc4 37. Qe4 Bd5 38. Qe2 f5 39. Rd2 Kh7 40. Ne5 Bxe5 41. dxe5 Rg8 42. Qf2 Rcg7 43. Ree2 Qxh5 44. g3 Rxg3+ 45. Kf1 Qh1+ 0-1


[Site "https://www.chess.com"]

[Event "Titled Tuesday Blitz May 9 Late 2023"]
[White "Arnold, Ken"]
[Black "Jovic, Stanoje"]
[WhiteFideId "2056836"]
[BlackFideId "905020"]
[WhiteElo "2386"]
[BlackElo "2236"]
[Result "0-1"]
[Round "08"]
[TimeControl "180+2"]
[Date "2023.05.09"]
[WhiteClock "0:00:06"]
[BlackClock "0:00:10"]

1. d4 Nf6 2. c4 e6 3. Nf3 b6 4. Nc3 Bb4 5. Bd2 O-O 6. g3 Ba6 7. e3 c5 8. a3 Bxc3 9. Bxc3 d5 10. cxd5 Bxf1 11. Kxf1 exd5 12. Kg2 Ne4 13. Rc1 c4 14. Bb4 Re8 15. b3 b5 16. bxc4 bxc4 17. Qa4 Nd7 18. Rc2 Re6 19. Rd1 g5 20. Be1 g4 21. Nd2 Ng5 22. Rb1 Nb6 23. Qa5 h5 24. Rcb2 h4 25. gxh4 Nf3 26. Nxf3 gxf3+ 27. Kxf3 Qxh4 28. Ke2 Qh5+ 29. Kd2 Qg6 30. Qc3 Kg7 31. Qc2 c3+ 32. Qxc3 Nc4+ 33. Kd1 Nxb2+ 34. Rxb2 Rc6 35. Qd2 Rac8 36. f3 Kh8 37. Bg3 Qh5 38. Ke2 Qh3 39. Kf2 Rc1 40. Qe2 Rh1 41. Rb8 Rxh2+ 42. Bxh2 Qxh2+ 43. Ke1 Qxe2+ 44. Kxe2 Rxb8 0-1


[Site "https://www.chess.com"]

[Event "Titled Tuesday Blitz May 9 Late 2023"]
[White "Bambino Filho, Antonio Carlos"]
[Black "Rangel, Daniel"]
[WhiteFideId "2113163"]
[BlackFideId "2124475"]
[WhiteElo "2485"]
[BlackElo "2256"]
[Result "0-1"]
[Round "08"]
[TimeControl "180+2"]
[Date "2023.05.09"]
[WhiteClock "0:02:08"]
[BlackClock "0:02:40"]

1. d4 Nf6 2. c4 e6 3. Nc3 d5 4. cxd5 exd5 5. Bg5 Bd6 6. e3 Be6 7. Bd3 c6 8. Nf3 Nbd7 9. O-O a6 10. Qc2 h6 11. Bh4 O-O 12. Rad1 Rc8 13. e4 dxe4 14. Nxe4 Be7 15. Nc3 Nd5 16. Bg3 Nb4 17. Qe2 Nxd3 18. Qe3 Nxb2 0-1


[Site "https://www.chess.com"]

[Event "Titled Tuesday Blitz May 9 Late 2023"]
[White "micke12a"]
[Black "OPQRC"]
[WhiteElo "2369"]
[BlackElo "2481"]
[Result "0-1"]
[Round "08"]
[TimeControl "180+2"]
[Date "2023.05.09"]
[WhiteClock "0:00:00"]
[BlackClock "0:00:14"]

1. d4 Nf6 2. Nc3 d5 3. Bf4 c6 4. e3 Bf5 5. f3 Bg6 6. Bd3 e6 7. Nge2 Be7 8. Qd2 O-O 9. g4 c5 10. h4 Nc6 11. Bxg6 fxg6 12. O-O-O Qa5 13. Kb1 b5 14. h5 b4 15. hxg6 bxc3 16. gxh7+ Kf7 17. Qd3 c4 18. Qxc3 Qxc3 19. Nxc3 Rh8 20. g5 Nxh7 21. g6+ Kxg6 22. Rdg1+ Kf7 23. e4 Nf6 24. e5 Nh5 25. Be3 g6 26. Ne2 Kg7 27. Rg4 Rag8 28. Rhg1 Kf7 29. b3 cxb3 30. axb3 Ng7 31. Rxg6 Nf5 32. Rxg8 Rxg8 33. Rxg8 Kxg8 34. Bf2 Bg5 35. c4 Kf7 36. f4 Bh4 37. Bg1 Be1 38. Kc2 a5 39. Kd1 Bb4 40. Kc2 Kg6 41. Bf2 Kh5 42. cxd5 exd5 43. Kd3 Kg4 44. Bg1 Kf3 45. Bh2 Nd8 46. Bg1 Ne6 47. Bh2 Kg2 0-1


[Site "https://www.chess.com"]

[Event "Titled Tuesday Blitz May 9 Late 2023"]
[White "Bryant, Todd"]
[Black "Ladan, Nicholas"]
[WhiteFideId "2031299"]
[BlackFideId "30918855"]
[WhiteElo "2365"]
[BlackElo "2167"]
[Result "0-1"]
[Round "08"]
[TimeControl "180+2"]
[Date "2023.05.09"]
[WhiteClock "0:00:00"]
[BlackClock "0:00:30"]

1. e4 e5 2. f4 exf4 3. Nf3 Be7 4. Nc3 Bh4+ 5. Ke2 Be7 6. d4 Nf6 7. Qd3 d5 8. Bxf4 dxe4 9. Nxe4 Nd5 10. Bg3 O-O 11. Re1 Nc6 12. Kd1 Bg4 13. c3 a5 14. Kc1 a4 15. Ne5 Nxe5 16. Bxe5 f5 17. Ng3 a3 18. b3 Kh8 19. h3 Bb4 20. hxg4 Bxc3 21. Re2 Bb2+ 22. Rxb2 axb2+ 23. Kxb2 Rxa2+ 24. Kb1 Qa8 25. Bxg7+ Kxg7 26. Nh5+ Kh8 27. Kc1 Ra1+ 28. Kd2 Qa2+ 29. Qc2 Qxc2+ 30. Kxc2 fxg4 31. Kd3 Rfxf1 32. Kc4 Rxh1 0-1


[Site "https://www.chess.com"]

[Event "Titled Tuesday Blitz May 9 Late 2023"]
[White "Perez Rodriguez, Jennifer"]
[Black "Shapiro, Daniel"]
[WhiteFideId "3507831"]
[BlackFideId "2001780"]
[WhiteElo "2116"]
[BlackElo "2352"]
[Result "0-1"]
[Round "08"]
[TimeControl "180+2"]
[Date "2023.05.09"]
[WhiteClock "0:00:03"]
[BlackClock "0:00:20"]

1. e4 e5 2. Nf3 Nc6 3. Bb5 a6 4. Ba4 Nf6 5. d3 b5 6. Bb3 Bd6 7. O-O h6 8. d4 O-O 9. dxe5 Nxe5 10. Nxe5 Bxe5 11. f4 Bd6 12. e5 Bc5+ 13. Kh1 Ne4 14. Qd5 Bb7 15. Qxb7 c6 16. Nc3 Nxc3 17. bxc3 Ra7 18. Qxa7 Bxa7 19. f5 c5 20. Bd5 Bb8 21. Bf4 Kh8 22. Rad1 Qe7 23. Rfe1 Re8 24. Bg3 Qg5 25. Bxf7 Re7 26. Bg6 h5 27. e6 Bxg3 28. exd7 Rxe1+ 29. Rxe1 Bxe1 0-1


[Site "https://www.chess.com"]

[Event "Titled Tuesday Blitz May 9 Late 2023"]
[White "Chabris, Christopher"]
[Black "Liu, Casper"]
[WhiteFideId "2005263"]
[BlackFideId "1454153"]
[WhiteElo "2350"]
[BlackElo "2221"]
[Result "0-1"]
[Round "08"]
[TimeControl "180+2"]
[Date "2023.05.09"]
[WhiteClock "0:00:00"]
[BlackClock "0:00:02"]

1. e4 d5 2. exd5 Nf6 3. Nf3 Bg4 4. d4 Nxd5 5. Be2 e6 6. O-O Bd6 7. h3 Bh5 8. Nc3 O-O 9. Nb5 Bf4 10. c4 Bxc1 11. Qxc1 Nf6 12. Qe3 Re8 13. Qf4 c6 14. Nc3 Nbd7 15. Rad1 Nf8 16. Rfe1 Ng6 17. Qd2 Bxf3 18. Bxf3 e5 19. d5 cxd5 20. Nxd5 Nxd5 21. Bxd5 Nf4 22. Bxb7 Qxd2 23. Rxd2 Rab8 24. Bf3 f5 25. b3 e4 26. Bd1 Nd3 27. Rf1 Rbd8 28. Bc2 Nb4 29. Rfd1 Rxd2 30. Rxd2 f4 31. a3 e3 32. fxe3 fxe3 33. Bxh7+ Kxh7 34. Re2 Nd3 35. b4 Nf4 36. Re1 e2 0-1


[Site "https://www.chess.com"]

[Event "Titled Tuesday Blitz May 9 Late 2023"]
[White "Fathy, Elameir"]
[Black "KorolDimitriy75"]
[WhiteFideId "10600396"]
[WhiteElo "2311"]
[BlackElo "2457"]
[Result "0-1"]
[Round "08"]
[TimeControl "180+2"]
[Date "2023.05.09"]
[WhiteClock "0:00:10"]
[BlackClock "0:00:11"]

1. d4 Nf6 2. c4 c5 3. d5 b5 4. cxb5 a6 5. bxa6 g6 6. Nc3 Bxa6 7. e4 Bxf1 8. Kxf1 d6 9. g3 Bg7 10. Kg2 O-O 11. Nf3 Nbd7 12. a4 Qb8 13. Qc2 Qb4 14. Ra3 Nb6 15. Nd2 Rfb8 16. Rb3 Qa5 17. Rb5 Qa6 18. b3 Ne8 19. a5 Bxc3 20. Rxb6 Rxb6 21. axb6 Bxd2 22. Bxd2 Qxb6 23. h4 h5 24. Bc3 Rb8 25. Rb1 Qb5 26. Ba1 Qb4 27. e5 dxe5 28. Bxe5 Rd8 29. Qc4 Qb7 30. Rd1 Nc7 31. Qxc5 Rxd5 32. Qxc7 Qxc7 33. Rxd5 Qb7 0-1


[Site "https://www.chess.com"]

[Event "Titled Tuesday Blitz May 9 Late 2023"]
[White "Georg, Heinz"]
[Black "marik_spb"]
[WhiteFideId "4607295"]
[WhiteElo "2312"]
[BlackElo "2450"]
[Result "0-1"]
[Round "08"]
[TimeControl "180+2"]
[Date "2023.05.09"]
[WhiteClock "0:00:00"]
[BlackClock "0:00:08"]

1. c4 Nf6 2. Nc3 d6 3. d4 g6 4. e4 Bg7 5. Be2 O-O 6. Be3 c5 7. d5 b5 8. cxb5 a6 9. f3 e6 10. Qd2 exd5 11. Nxd5 Be6 12. Nc3 axb5 13. Bxb5 Na6 14. Bc6 Rb8 15. Nge2 Nb4 16. Ba4 Bc4 17. O-O Nd3 18. b3 Ba6 19. Rad1 Nh5 20. Qc2 Nb4 21. Qd2 Be5 22. a3 Nd3 23. f4 Ndxf4 24. Nxf4 Bxf1 25. Rxf1 Qh4 26. Qf2 Qxf2+ 27. Rxf2 Nxf4 28. Bxf4 Bxc3 29. Bxd6 Bd4 30. Bxb8 Rxb8 31. Kf1 Bxf2 32. Kxf2 Kf8 33. Ke2 Ke7 34. Kd3 Kd6 35. Kc4 f6 36. b4 cxb4 37. axb4 Ke5 38. Bc6 Rd8 39. Kc5 Rd2 40. b5 Rc2+ 41. Kb6 Rxg2 42. Kc7 Rxh2 43. b6 Rb2 44. b7 h5 45. Be8 h4 46. Bxg6 h3 47. Bf5 h2 48. b8=Q Rxb8 49. Kxb8 h1=Q 50. Kc7 Qd1 51. Bd7 Qd2 52. Kc6 Qe3 53. Kc7 Qd4 54. Bc6 Qd6+ 55. Kb6 Kd4 56. Kb5 Qc5+ 0-1


[Site "https://www.chess.com"]

[Event "Titled Tuesday Blitz May 9 Late 2023"]
[White "DubiousM0ves532"]
[Black "Vaglio Munoz, Jaime"]
[BlackFideId "6500145"]
[WhiteElo "2449"]
[BlackElo "2199"]
[Result "1-0"]
[Round "08"]
[TimeControl "180+2"]
[Date "2023.05.09"]
[WhiteClock "0:00:25"]
[BlackClock "0:00:20"]

1. Nf3 c6 2. d4 b5 3. e4 a6 4. c4 bxc4 5. Bxc4 d5 6. exd5 cxd5 7. Bb3 Bg4 8. Nc3 Bxf3 9. Qxf3 e6 10. O-O Nf6 11. Bg5 Be7 12. Bc2 h6 13. Bh4 Nc6 14. Ba4 Rc8 15. Qd3 Qa5 16. a3 O-O 17. b4 Qb6 18. Rfd1 Na7 19. Bc2 g6 20. Na4 Qb5 21. Nc5 a5 22. Qd2 axb4 23. axb4 Nc6 24. Bxf6 Bxf6 25. Nd7 Bxd4 26. Nxf8 Rxf8 27. Ba4 Qb6 28. Rac1 Bxf2+ 29. Qxf2 Qxf2+ 30. Kxf2 Nxb4 31. Rd4 Na6 32. Bb5 Nb8 33. Rc7 Kg7 34. Ra4 Kf6 35. Raa7 Ke5 36. Rab7 Kd6 37. Ra7 f5 38. Rcb7 Kc5 39. Ba4 Rd8 40. Rb5+ Kd6 41. Rb6+ Ke5 42. Rab7 Nc6 43. Rxc6 d4 44. Rbb6 Re8 45. Rc5+ Ke4 46. Bxe8 d3 47. Rxe6+ Kf4 48. Rd6 d2 49. Rxd2 g5 50. Rc4+ Ke5 51. Bc6 g4 52. Rd5+ Kf6 53. Rxf5+ Kxf5 54. Bd7+ Kg5 55. Bxg4 h5 56. Bxh5 Kxh5 57. g3 Kg5 58. Rf4 Kh5 59. Kg2 Kg5 60. h4+ Kh5 61. Kh3 Kg6 62. Rf3 Kh6 63. g4 Kg6 64. Kg3 Kh6 65. Rf5 Kg6 66. Rg5+ Kh6 67. Kf4 Kh7 68. h5 Kh6 69. Rg6+ Kh7 70. Kf5 Kh8 71. Rb6 Kh7 72. Kg5 Kh8 73. Kg6 Kg8 74. Rb8# 1-0


[Site "https://www.chess.com"]